[ AOE2 MATCH · #471234291 ]
UnrankedBurgundians vs Magyars
[ REPLAY ANALYSIS · EXTRACTED FROM THE RECORDED GAME ]
Feudal
12:33
Castle
17:07
Imperial
—
| APM avg | 41.8 |
| APM peak | 74 |
| eAPM avg | 24.3 |
| Villagers / military | 95 / 71 |
Focus
⚔️ 37.0% · 🌾 63.0%
Scout Cavalry ×32 · Coustillier ×28 · Fishing Ship ×11 · Spearman ×6 · Monk ×3 · Fire Galley ×2
Feudal
11:24
Castle
30:48
Imperial
—
| APM avg | 37.8 |
| APM peak | 91 |
| eAPM avg | 20.1 |
| Villagers / military | 81 / 39 |
Focus
⚔️ 35.5% · 🌾 64.5%
Scout Cavalry ×30 · Spearman ×9 · Fishing Ship ×7
Feudal
11:48
Castle
16:34
Imperial
36:27
| APM avg | 51.0 |
| APM peak | 109 |
| eAPM avg | 24.9 |
| Villagers / military | 114 / 98 |
Focus
⚔️ 39.6% · 🌾 60.4%
Scout Cavalry ×92 · Fishing Ship ×9 · Trebuchet (Packed) ×3 · Monk ×2 · Knight ×1
Feudal
10:57
Castle
16:55
Imperial
—
| APM avg | 34.7 |
| APM peak | 69 |
| eAPM avg | 19.7 |
| Villagers / military | 75 / 2 |
Focus
⚔️ 23.8% · 🌾 76.2%
Fishing Ship ×4 · Transport Ship ×2
Feudal
10:03
Castle
24:13
Imperial
35:27
| APM avg | 36.6 |
| APM peak | 80 |
| eAPM avg | 21.3 |
| Villagers / military | 109 / 51 |
Focus
⚔️ 35.6% · 🌾 64.4%
Galley ×37 · Unknown (2626) ×30 · Fire Galley ×6 · Spearman ×5 · Trade Cart ×4 · Fishing Ship ×4
Feudal
12:20
Castle
17:40
Imperial
35:20
| APM avg | 42.1 |
| APM peak | 67 |
| eAPM avg | 30.1 |
| Villagers / military | 234 / 51 |
Focus
⚔️ 30.0% · 🌾 70.0%
Spearman ×32 · Fishing Ship ×17 · Fire Galley ×7 · Unknown (2626) ×7 · Trebuchet (Packed) ×5 · Monk ×4
Feudal
12:46
Castle
17:08
Imperial
34:54
| APM avg | 27.3 |
| APM peak | 60 |
| eAPM avg | 18.1 |
| Villagers / military | 130 / 77 |
Focus
⚔️ 37.3% · 🌾 62.7%
Mangudai ×39 · Scout Cavalry ×21 · Fishing Ship ×12 · Battering Ram ×8 · Fire Galley ×5 · Trebuchet (Packed) ×3
Feudal
11:19
Castle
25:43
Imperial
33:52
| APM avg | 26.2 |
| APM peak | 51 |
| eAPM avg | 19.4 |
| Villagers / military | 113 / 57 |
Focus
⚔️ 34.1% · 🌾 65.9%
Fishing Ship ×48 · Fire Galley ×35 · Unknown (2626) ×23 · Spearman ×21 · Trebuchet (Packed) ×1
Match map
Initial resources + every placement click. Lines = walls · curves = elevation contours. ◆ gold · ⬟ stone · ● berries · ✦ relic · ◌ wall gap
Inputs per minute
— friend00792 - - 皮眼派對
Build order — friend00792
First 150 of 280 actions detected
| 0:18 | Build | Town Center |
| 2:19 | Create | Villager (Male) |
| 2:19 | Create | Villager (Male) |
| 2:20 | Create | Villager (Male) |
| 2:23 | Research | Loom |
| 2:24 | Build | House |
| 2:50 | Create | Villager (Male) |
| 2:51 | Create | Villager (Male) |
| 2:51 | Create | Villager (Male) |
| 3:07 | Create | Villager (Male) |
| 3:07 | Create | Villager (Male) |
| 3:31 | Build | House |
| 4:00 | Create | Villager (Male) |
| 4:00 | Create | Villager (Male) |
| 4:19 | Create | Villager (Male) |
| 4:19 | Create | Villager (Male) |
| 4:35 | Create | Villager (Male) |
| 4:35 | Create | Villager (Male) |
| 5:04 | Build | House |
| 5:29 | Build | Dock |
| 5:44 | Create | Villager (Male) |
| 5:55 | Create | Villager (Male) |
| 6:11 | Create | Villager (Male) |
| 6:18 | Build | House |
| 6:37 | Create | Villager (Male) |
| 7:15 | Build | Palisade Wall |
| 7:17 | Build | Palisade Wall |
| 7:20 | Create | Fishing Ship |
| 7:26 | Create | Villager (Male) |
| 7:31 | Create | Villager (Male) |
| 7:49 | Create | Villager (Male) |
| 8:02 | Create | Villager (Male) |
| 8:06 | Create | Fishing Ship |
| 8:07 | Create | Villager (Male) |
| 8:46 | Create | Villager (Male) |
| 8:51 | Create | Fishing Ship |
| 8:52 | Create | Fishing Ship |
| 9:10 | Build | House |
| 9:32 | Create | Villager (Male) |
| 9:43 | Build | Lumber Camp |
| 9:52 | Create | Villager (Male) |
| 10:18 | Research | Feudal Age |
| 10:21 | Research | Double-Bit Axe |
| 10:21 | Research | Double-Bit Axe |
| 11:04 | Build | House |
| 11:18 | Build | House |
| 11:45 | Build | House |
| 12:02 | Build | Mill |
| 12:21 | Create | Villager (Male) |
| 12:33 | Age | Feudal Age |
| 12:38 | Build | Market |
| 12:44 | Build | Blacksmith |
| 12:54 | Create | Villager (Male) |
| 13:19 | Build | Mining Camp |
| 13:26 | Create | Villager (Male) |
| 14:27 | Research | Castle Age |
| 14:27 | Research | Castle Age |
| 15:20 | Build | Barracks |
| 15:28 | Create | Villager (Male) |
| 15:42 | Create | Fire Galley |
| 15:42 | Create | Fire Galley |
| 16:01 | Create | Villager (Male) |
| 16:05 | Build | Palisade Wall |
| 16:06 | Build | Palisade Wall |
| 16:07 | Build | Palisade Wall |
| 16:07 | Build | Palisade Wall |
| 16:13 | Build | Palisade Wall |
| 16:15 | Build | Palisade Wall |
| 16:15 | Build | Palisade Wall |
| 16:16 | Build | Palisade Wall |
| 16:24 | Create | Spearman |
| 16:30 | Create | Villager (Male) |
| 16:53 | Create | Spearman |
| 17:02 | Research | Town Watch |
| 17:07 | Age | Castle Age |
| 17:10 | Create | Villager (Male) |
| 17:35 | Create | Spearman |
| 17:45 | Create | Villager (Male) |
| 18:03 | Create | Villager (Male) |
| 18:14 | Build | Castle |
| 18:18 | Create | Spearman |
| 18:19 | Create | Villager (Male) |
| 19:02 | Create | Spearman |
| 19:18 | Build | Palisade Gate |
| 19:21 | Build | House |
| 19:47 | Create | Villager (Male) |
| 19:48 | Create | Villager (Male) |
| 20:15 | Create | Spearman |
| 21:15 | Build | House |
| 21:37 | Build | Farm |
| 21:37 | Build | Farm |
| 21:38 | Build | Farm |
| 21:38 | Build | Farm |
| 21:38 | Build | Farm |
| 21:38 | Build | Farm |
| 21:45 | Create | Coustillier |
| 21:45 | Create | Coustillier |
| 21:45 | Create | Coustillier |
| 21:50 | Create | Fishing Ship |
| 21:50 | Create | Fishing Ship |
| 22:02 | Build | House |
| 22:03 | Build | House |
| 22:40 | Create | Coustillier |
| 22:40 | Create | Coustillier |
| 23:10 | Create | Villager (Male) |
| 23:36 | Create | Coustillier |
| 23:37 | Create | Coustillier |
| 23:40 | Build | Farm |
| 23:59 | Create | Coustillier |
| 24:00 | Create | Coustillier |
| 24:05 | Create | Villager (Male) |
| 24:28 | Create | Coustillier |
| 24:28 | Create | Coustillier |
| 24:57 | Create | Villager (Male) |
| 24:59 | Build | Farm |
| 24:59 | Create | Villager (Male) |
| 25:00 | Create | Villager (Male) |
| 25:16 | Create | Coustillier |
| 25:50 | Create | Coustillier |
| 26:00 | Create | Coustillier |
| 26:00 | Create | Coustillier |
| 26:22 | Create | Villager (Male) |
| 26:22 | Create | Villager (Male) |
| 26:37 | Create | Coustillier |
| 26:37 | Create | Coustillier |
| 27:06 | Create | Coustillier |
| 27:06 | Create | Coustillier |
| 27:15 | Create | Villager (Male) |
| 27:38 | Create | Coustillier |
| 27:38 | Create | Coustillier |
| 28:07 | Create | Villager (Male) |
| 28:25 | Create | Villager (Male) |
| 28:25 | Create | Villager (Male) |
| 28:29 | Build | Siege Workshop |
| 29:05 | Create | Villager (Male) |
| 29:05 | Create | Villager (Male) |
| 29:05 | Create | Villager (Male) |
| 29:09 | Build | Mining Camp |
| 30:32 | Create | Villager (Male) |
| 30:32 | Create | Villager (Male) |
| 30:36 | Build | Monastery |
| 30:42 | Create | Coustillier |
| 30:43 | Create | Villager (Male) |
| 30:43 | Create | Villager (Male) |
| 30:45 | Create | Villager (Male) |
| 30:46 | Create | Villager (Male) |
| 30:54 | Create | Villager (Male) |
| 30:55 | Build | Farm |
| 31:25 | Create | Monk |
| 31:25 | Create | Monk |
Build order — 皮眼派對
First 150 of 220 actions detected
| 0:13 | Build | Town Center |
| 0:53 | Build | Dock |
| 1:22 | Build | House |
| 1:28 | Build | House |
| 2:33 | Create | Villager (Male) |
| 2:34 | Create | Villager (Male) |
| 2:34 | Create | Villager (Male) |
| 2:34 | Create | Villager (Male) |
| 2:34 | Create | Villager (Male) |
| 3:24 | Research | Loom |
| 3:28 | Create | Villager (Male) |
| 3:28 | Create | Villager (Male) |
| 3:51 | Create | Fishing Ship |
| 3:51 | Create | Fishing Ship |
| 3:58 | Create | Villager (Male) |
| 4:27 | Create | Villager (Male) |
| 4:50 | Build | House |
| 5:04 | Create | Villager (Male) |
| 5:05 | Create | Villager (Male) |
| 5:19 | Create | Fishing Ship |
| 5:19 | Create | Fishing Ship |
| 5:33 | Create | Villager (Male) |
| 5:33 | Create | Villager (Male) |
| 5:49 | Create | Fishing Ship |
| 6:00 | Create | Villager (Male) |
| 6:00 | Create | Villager (Male) |
| 6:16 | Create | Villager (Male) |
| 6:16 | Create | Villager (Male) |
| 6:35 | Build | House |
| 6:41 | Create | Villager (Male) |
| 6:41 | Create | Villager (Male) |
| 6:46 | Create | Villager (Male) |
| 6:46 | Create | Villager (Male) |
| 6:59 | Create | Villager (Male) |
| 7:00 | Create | Villager (Male) |
| 7:01 | Create | Fishing Ship |
| 7:15 | Create | Villager (Male) |
| 7:16 | Create | Villager (Male) |
| 7:29 | Create | Fishing Ship |
| 7:30 | Create | Villager (Male) |
| 7:39 | Build | House |
| 8:36 | Build | Mill |
| 9:06 | Research | Feudal Age |
| 9:39 | Build | Lumber Camp |
| 10:05 | Create | Villager (Male) |
| 10:52 | Build | Barracks |
| 11:24 | Age | Feudal Age |
| 11:49 | Build | Stable |
| 12:01 | Create | Villager (Male) |
| 12:01 | Create | Villager (Male) |
| 12:04 | Create | Villager (Male) |
| 12:29 | Create | Scout Cavalry |
| 12:29 | Create | Scout Cavalry |
| 12:33 | Build | Blacksmith |
| 12:35 | Create | Villager (Male) |
| 12:40 | Build | House |
| 12:46 | Research | Double-Bit Axe |
| 12:46 | Research | Double-Bit Axe |
| 12:51 | Create | Scout Cavalry |
| 13:27 | Create | Scout Cavalry |
| 13:29 | Research | Scale Barding Armor |
| 13:29 | Research | Scale Barding Armor |
| 14:01 | Create | Villager (Male) |
| 14:02 | Create | Villager (Male) |
| 14:19 | Create | Villager (Male) |
| 14:21 | Build | House |
| 14:35 | Build | Farm |
| 14:35 | Build | Farm |
| 14:36 | Build | Farm |
| 14:36 | Build | Farm |
| 14:36 | Build | Farm |
| 14:40 | Build | Farm |
| 14:47 | Build | House |
| 15:06 | Create | Villager (Male) |
| 15:09 | Build | Farm |
| 15:19 | Create | Villager (Male) |
| 15:31 | Create | Scout Cavalry |
| 15:32 | Create | Scout Cavalry |
| 15:34 | Build | Farm |
| 15:58 | Build | Stable |
| 16:07 | Create | Villager (Male) |
| 16:08 | Create | Scout Cavalry |
| 16:17 | Build | Farm |
| 16:36 | Build | House |
| 16:51 | Create | Scout Cavalry |
| 16:53 | Build | House |
| 16:54 | Build | House |
| 17:09 | Build | Lumber Camp |
| 17:12 | Create | Scout Cavalry |
| 17:12 | Create | Scout Cavalry |
| 17:14 | Create | Villager (Male) |
| 17:33 | Create | Scout Cavalry |
| 17:34 | Create | Villager (Male) |
| 17:34 | Create | Villager (Male) |
| 17:38 | Build | Farm |
| 17:39 | Build | Farm |
| 18:00 | Create | Scout Cavalry |
| 18:05 | Create | Scout Cavalry |
| 18:07 | Create | Villager (Male) |
| 18:12 | Build | Mining Camp |
| 18:15 | Create | Scout Cavalry |
| 18:17 | Build | House |
| 18:18 | Build | House |
| 18:37 | Build | Watch Tower |
| 18:41 | Create | Scout Cavalry |
| 18:53 | Build | Watch Tower |
| 18:55 | Create | Scout Cavalry |
| 19:10 | Create | Villager (Male) |
| 20:17 | Create | Scout Cavalry |
| 20:18 | Create | Scout Cavalry |
| 20:26 | Create | Villager (Male) |
| 20:30 | Build | Farm |
| 20:30 | Build | Farm |
| 20:31 | Build | Farm |
| 20:31 | Build | Farm |
| 20:36 | Build | Mining Camp |
| 20:59 | Create | Villager (Male) |
| 21:22 | Create | Scout Cavalry |
| 21:22 | Create | Scout Cavalry |
| 21:22 | Create | Scout Cavalry |
| 21:34 | Build | Farm |
| 21:35 | Build | Farm |
| 21:39 | Build | Farm |
| 21:39 | Build | Farm |
| 21:40 | Build | Farm |
| 21:42 | Create | Villager (Male) |
| 21:52 | Build | Farm |
| 22:03 | Create | Villager (Male) |
| 22:06 | Build | House |
| 22:06 | Build | House |
| 22:19 | Build | Farm |
| 22:47 | Research | Wheelbarrow |
| 22:58 | Build | House |
| 22:59 | Build | House |
| 23:17 | Build | House |
| 23:19 | Build | Palisade Wall |
| 23:28 | Build | House |
| 23:31 | Build | House |
| 23:56 | Build | Farm |
| 24:10 | Create | Scout Cavalry |
| 24:11 | Create | Villager (Male) |
| 24:11 | Create | Villager (Male) |
| 24:18 | Build | Lumber Camp |
| 24:26 | Build | Palisade Wall |
| 24:30 | Build | Farm |
| 24:32 | Create | Villager (Male) |
| 24:48 | Create | Spearman |
| 24:48 | Create | Spearman |
| 24:54 | Build | Watch Tower |
| 25:14 | Build | Mining Camp |
Build order — JB
First 150 of 369 actions detected
| 0:28 | Build | Town Center |
| 1:08 | Build | Dock |
| 1:11 | Build | House |
| 1:18 | Build | House |
| 2:32 | Create | Villager (Male) |
| 2:33 | Create | Villager (Male) |
| 2:33 | Create | Villager (Male) |
| 2:33 | Create | Villager (Male) |
| 2:33 | Create | Villager (Male) |
| 3:21 | Create | Fishing Ship |
| 3:22 | Create | Fishing Ship |
| 3:22 | Create | Fishing Ship |
| 3:50 | Create | Fishing Ship |
| 3:50 | Create | Fishing Ship |
| 3:57 | Create | Villager (Male) |
| 3:58 | Create | Villager (Male) |
| 4:19 | Build | House |
| 4:35 | Create | Villager (Male) |
| 4:36 | Create | Villager (Male) |
| 4:46 | Create | Fishing Ship |
| 5:02 | Create | Villager (Male) |
| 5:02 | Create | Villager (Male) |
| 5:25 | Create | Villager (Male) |
| 5:25 | Create | Villager (Male) |
| 5:34 | Build | House |
| 5:37 | Create | Villager (Male) |
| 5:37 | Create | Villager (Male) |
| 5:38 | Create | Villager (Male) |
| 6:08 | Create | Villager (Male) |
| 6:16 | Build | Dock |
| 6:17 | Create | Villager (Male) |
| 6:29 | Create | Villager (Male) |
| 6:41 | Create | Villager (Male) |
| 6:47 | Build | House |
| 7:02 | Create | Fishing Ship |
| 7:02 | Create | Fishing Ship |
| 7:04 | Create | Villager (Male) |
| 7:15 | Create | Villager (Male) |
| 7:26 | Create | Villager (Male) |
| 7:38 | Create | Villager (Male) |
| 7:40 | Create | Fishing Ship |
| 8:07 | Create | Villager (Male) |
| 8:27 | Create | Villager (Male) |
| 8:52 | Build | Mining Camp |
| 9:38 | Research | Feudal Age |
| 9:39 | Research | Feudal Age |
| 10:43 | Create | Villager (Male) |
| 10:44 | Create | Villager (Male) |
| 10:52 | Build | House |
| 11:24 | Build | Mill |
| 11:48 | Age | Feudal Age |
| 11:49 | Create | Villager (Male) |
| 11:55 | Build | Barracks |
| 12:02 | Build | Blacksmith |
| 12:31 | Research | Loom |
| 13:04 | Create | Villager (Male) |
| 13:12 | Build | Stable |
| 13:54 | Research | Castle Age |
| 13:54 | Research | Castle Age |
| 13:59 | Research | Horse Collar |
| 14:11 | Create | Scout Cavalry |
| 14:43 | Build | Lumber Camp |
| 14:51 | Create | Villager (Male) |
| 14:52 | Create | Scout Cavalry |
| 15:04 | Build | Farm |
| 15:09 | Create | Scout Cavalry |
| 15:17 | Create | Scout Cavalry |
| 15:34 | Build | Farm |
| 15:37 | Create | Scout Cavalry |
| 15:41 | Research | Scale Barding Armor |
| 15:42 | Research | Scale Barding Armor |
| 15:42 | Research | Forging |
| 15:42 | Research | Forging |
| 15:58 | Build | House |
| 16:06 | Build | Farm |
| 16:29 | Create | Scout Cavalry |
| 16:34 | Age | Castle Age |
| 16:38 | Create | Knight |
| 16:52 | Create | Villager (Male) |
| 16:55 | Build | Farm |
| 17:11 | Create | Scout Cavalry |
| 17:21 | Create | Villager (Male) |
| 17:25 | Build | House |
| 17:38 | Build | Farm |
| 17:40 | Build | Farm |
| 17:40 | Create | Villager (Male) |
| 18:09 | Create | Scout Cavalry |
| 18:12 | Create | Villager (Male) |
| 18:19 | Build | Farm |
| 18:19 | Create | Villager (Male) |
| 18:31 | Build | Lumber Camp |
| 18:32 | Create | Scout Cavalry |
| 18:39 | Build | House |
| 18:43 | Build | Farm |
| 18:46 | Build | House |
| 18:51 | Research | Light Cavalry (upgrade) |
| 18:51 | Research | Light Cavalry (upgrade) |
| 18:52 | Research | Light Cavalry (upgrade) |
| 19:06 | Create | Villager (Male) |
| 19:07 | Build | Farm |
| 19:08 | Create | Scout Cavalry |
| 19:32 | Create | Villager (Male) |
| 19:52 | Research | Iron Casting |
| 19:54 | Build | House |
| 20:01 | Build | Farm |
| 20:06 | Create | Villager (Male) |
| 20:06 | Create | Villager (Male) |
| 20:48 | Create | Scout Cavalry |
| 20:50 | Create | Villager (Male) |
| 21:03 | Create | Villager (Male) |
| 21:07 | Create | Villager (Male) |
| 21:14 | Build | Farm |
| 21:15 | Build | Farm |
| 21:17 | Build | Farm |
| 21:18 | Build | Farm |
| 21:19 | Create | Villager (Male) |
| 21:20 | Create | Scout Cavalry |
| 21:24 | Build | House |
| 21:33 | Build | Town Center |
| 21:45 | Create | Villager (Male) |
| 21:49 | Create | Villager (Male) |
| 21:58 | Build | Stable |
| 22:02 | Build | House |
| 22:06 | Create | Scout Cavalry |
| 22:11 | Create | Villager (Male) |
| 22:25 | Create | Scout Cavalry |
| 22:27 | Create | Villager (Male) |
| 22:51 | Create | Scout Cavalry |
| 22:54 | Create | Villager (Male) |
| 23:04 | Build | Town Center |
| 23:05 | Create | Villager (Male) |
| 23:10 | Build | House |
| 23:31 | Build | Farm |
| 23:32 | Build | Farm |
| 23:38 | Build | Farm |
| 23:39 | Create | Villager (Male) |
| 23:47 | Build | House |
| 23:48 | Create | Villager (Male) |
| 23:49 | Research | Town Watch |
| 23:49 | Research | Town Watch |
| 23:51 | Build | Farm |
| 23:52 | Create | Villager (Male) |
| 24:08 | Create | Villager (Male) |
| 24:12 | Create | Villager (Male) |
| 24:18 | Build | Farm |
| 24:21 | Build | House |
| 24:34 | Create | Scout Cavalry |
| 24:37 | Create | Villager (Male) |
| 24:45 | Create | Villager (Male) |
| 24:49 | Build | Farm |
Build order — Eddie29_1314
First 150 of 161 actions detected
| 0:18 | Build | Town Center |
| 0:53 | Build | Dock |
| 1:42 | Build | House |
| 2:21 | Create | Villager (Male) |
| 2:21 | Create | Villager (Male) |
| 2:21 | Create | Villager (Male) |
| 2:21 | Create | Villager (Male) |
| 2:22 | Create | Fishing Ship |
| 3:04 | Build | House |
| 3:20 | Create | Villager (Male) |
| 3:20 | Create | Villager (Male) |
| 3:29 | Build | Palisade Wall |
| 3:50 | Create | Villager (Male) |
| 3:50 | Create | Villager (Male) |
| 4:00 | Build | House |
| 4:31 | Build | Outpost |
| 4:43 | Create | Villager (Male) |
| 4:43 | Create | Villager (Male) |
| 4:47 | Create | Fishing Ship |
| 4:50 | Build | Palisade Wall |
| 4:56 | Build | Palisade Wall |
| 4:58 | Build | Palisade Wall |
| 5:13 | Create | Villager (Male) |
| 5:39 | Create | Fishing Ship |
| 5:41 | Create | Villager (Male) |
| 5:45 | Build | House |
| 6:02 | Create | Villager (Male) |
| 6:02 | Create | Villager (Male) |
| 6:17 | Create | Villager (Male) |
| 6:17 | Create | Villager (Male) |
| 6:23 | Build | Palisade Wall |
| 6:54 | Create | Fishing Ship |
| 7:00 | Create | Villager (Male) |
| 7:31 | Build | House |
| 7:41 | Create | Villager (Male) |
| 8:03 | Build | Palisade Wall |
| 8:05 | Create | Villager (Male) |
| 8:26 | Build | Lumber Camp |
| 8:28 | Research | Loom |
| 8:37 | Create | Villager (Male) |
| 8:51 | Research | Feudal Age |
| 8:51 | Research | Feudal Age |
| 9:27 | Build | Palisade Wall |
| 9:38 | Create | Villager (Male) |
| 10:09 | Create | Villager (Male) |
| 10:25 | Build | Mill |
| 10:34 | Create | Villager (Male) |
| 10:57 | Age | Feudal Age |
| 11:16 | Build | House |
| 11:22 | Build | House |
| 11:31 | Build | Market |
| 11:34 | Build | Blacksmith |
| 11:45 | Build | House |
| 11:49 | Build | House |
| 11:55 | Create | Villager (Male) |
| 12:20 | Create | Villager (Male) |
| 12:43 | Create | Villager (Male) |
| 13:10 | Create | Villager (Male) |
| 13:21 | Build | Palisade Gate |
| 13:26 | Build | Palisade Wall |
| 13:30 | Create | Villager (Male) |
| 13:32 | Research | Town Watch |
| 13:45 | Build | House |
| 14:03 | Build | Mill |
| 14:12 | Build | Mining Camp |
| 14:29 | Research | Castle Age |
| 14:29 | Research | Castle Age |
| 14:54 | Build | Barracks |
| 14:56 | Build | Palisade Wall |
| 14:57 | Build | Palisade Wall |
| 15:18 | Research | Double-Bit Axe |
| 15:23 | Build | Palisade Wall |
| 15:45 | Build | Farm |
| 15:50 | Build | Farm |
| 16:06 | Build | Stable |
| 16:12 | Build | Farm |
| 16:13 | Build | Farm |
| 16:29 | Create | Villager (Male) |
| 16:42 | Build | Farm |
| 16:46 | Create | Villager (Male) |
| 16:55 | Age | Castle Age |
| 16:59 | Create | Villager (Male) |
| 17:03 | Build | Farm |
| 17:10 | Build | Farm |
| 17:19 | Build | Watch Tower |
| 17:32 | Create | Villager (Male) |
| 17:41 | Create | Villager (Male) |
| 18:21 | Create | Villager (Male) |
| 18:41 | Build | Town Center |
| 18:48 | Create | Villager (Male) |
| 19:06 | Create | Villager (Male) |
| 19:18 | Build | House |
| 19:26 | Create | Villager (Male) |
| 19:26 | Create | Villager (Male) |
| 19:50 | Build | Lumber Camp |
| 19:53 | Create | Villager (Male) |
| 20:18 | Create | Villager (Male) |
| 20:19 | Create | Villager (Male) |
| 20:48 | Create | Villager (Male) |
| 21:01 | Create | Villager (Male) |
| 21:02 | Create | Villager (Male) |
| 21:02 | Create | Villager (Male) |
| 21:24 | Build | Watch Tower |
| 21:26 | Create | Villager (Male) |
| 21:26 | Create | Villager (Male) |
| 21:53 | Build | Watch Tower |
| 22:02 | Create | Villager (Male) |
| 22:02 | Create | Villager (Male) |
| 22:27 | Build | Lumber Camp |
| 23:02 | Build | Farm |
| 23:20 | Create | Villager (Male) |
| 23:20 | Create | Villager (Male) |
| 23:29 | Build | Farm |
| 23:32 | Build | Farm |
| 23:33 | Build | Farm |
| 23:38 | Build | House |
| 23:53 | Create | Villager (Male) |
| 23:53 | Create | Villager (Male) |
| 24:08 | Build | Mill |
| 24:10 | Create | Villager (Male) |
| 24:13 | Build | Farm |
| 24:16 | Create | Villager (Male) |
| 24:16 | Create | Villager (Male) |
| 25:02 | Create | Villager (Male) |
| 25:02 | Create | Villager (Male) |
| 25:48 | Create | Villager (Male) |
| 25:59 | Create | Villager (Male) |
| 26:16 | Create | Villager (Male) |
| 26:48 | Create | Villager (Male) |
| 26:51 | Create | Villager (Male) |
| 27:13 | Create | Villager (Male) |
| 27:45 | Create | Villager (Male) |
| 28:16 | Build | Lumber Camp |
| 28:18 | Create | Villager (Male) |
| 28:36 | Create | Transport Ship |
| 28:39 | Create | Villager (Male) |
| 28:56 | Build | House |
| 29:18 | Create | Villager (Male) |
| 29:34 | Build | House |
| 29:59 | Create | Villager (Male) |
| 30:51 | Create | Villager (Male) |
| 31:15 | Build | House |
| 32:04 | Build | Dock |
| 32:40 | Create | Transport Ship |
| 32:50 | Create | Villager (Male) |
| 36:56 | Build | Town Center |
| 38:10 | Build | Farm |
| 38:12 | Build | Farm |
| 38:14 | Build | Farm |
| 38:44 | Build | Farm |
Build order — Lyael
First 150 of 364 actions detected
| 0:11 | Build | Town Center |
| 0:39 | Build | Dock |
| 1:29 | Build | House |
| 2:16 | Create | Villager (Male) |
| 2:16 | Create | Villager (Male) |
| 2:16 | Create | Villager (Male) |
| 2:17 | Create | Villager (Male) |
| 3:05 | Create | Fishing Ship |
| 3:30 | Research | Loom |
| 3:34 | Build | House |
| 3:57 | Create | Villager (Male) |
| 4:15 | Create | Fishing Ship |
| 4:15 | Create | Villager (Male) |
| 4:39 | Build | House |
| 4:45 | Create | Villager (Male) |
| 5:05 | Build | House |
| 5:05 | Create | Villager (Male) |
| 5:26 | Create | Fishing Ship |
| 5:38 | Create | Villager (Male) |
| 5:49 | Build | House |
| 6:02 | Create | Villager (Male) |
| 6:02 | Create | Fishing Ship |
| 6:05 | Build | House |
| 6:33 | Create | Villager (Male) |
| 6:48 | Build | Mining Camp |
| 6:55 | Create | Villager (Male) |
| 6:57 | Create | Villager (Male) |
| 7:53 | Research | Feudal Age |
| 8:05 | Build | Lumber Camp |
| 8:09 | Build | Lumber Camp |
| 8:46 | Build | House |
| 9:03 | Build | Dock |
| 9:36 | Create | Villager (Male) |
| 9:47 | Build | House |
| 10:03 | Age | Feudal Age |
| 10:04 | Create | Unit 2626 |
| 10:04 | Create | Unit 2626 |
| 10:09 | Research | Double-Bit Axe |
| 10:16 | Create | Villager (Male) |
| 10:28 | Build | House |
| 10:34 | Create | Villager (Male) |
| 10:42 | Create | Unit 2626 |
| 10:42 | Create | Unit 2626 |
| 11:00 | Create | Fire Galley |
| 11:00 | Create | Fire Galley |
| 11:00 | Create | Villager (Male) |
| 11:23 | Create | Fire Galley |
| 11:36 | Build | House |
| 11:38 | Build | House |
| 11:40 | Create | Villager (Male) |
| 11:51 | Build | Mill |
| 12:00 | Create | Villager (Male) |
| 12:10 | Build | Palisade Wall |
| 12:16 | Build | Palisade Wall |
| 12:18 | Build | Palisade Wall |
| 12:20 | Build | Palisade Wall |
| 12:21 | Build | Palisade Wall |
| 12:31 | Create | Villager (Male) |
| 12:47 | Create | Villager (Male) |
| 12:51 | Create | Fire Galley |
| 12:52 | Create | Fire Galley |
| 12:52 | Create | Fire Galley |
| 12:54 | Create | Villager (Male) |
| 13:20 | Create | Villager (Male) |
| 13:44 | Create | Unit 2626 |
| 13:44 | Create | Unit 2626 |
| 13:46 | Create | Villager (Male) |
| 13:53 | Build | Building 796 |
| 14:00 | Create | Villager (Male) |
| 14:07 | Create | Unit 2626 |
| 14:07 | Create | Unit 2626 |
| 14:13 | Create | Villager (Male) |
| 14:22 | Create | Villager (Male) |
| 14:26 | Create | Villager (Male) |
| 14:37 | Create | Unit 2626 |
| 15:11 | Create | Villager (Male) |
| 15:14 | Create | Unit 2626 |
| 15:16 | Build | House |
| 15:18 | Build | House |
| 15:35 | Research | Horse Collar |
| 15:37 | Build | Farm |
| 15:38 | Build | Farm |
| 15:40 | Build | Farm |
| 15:40 | Build | Farm |
| 15:42 | Create | Villager (Male) |
| 16:09 | Create | Unit 2626 |
| 16:12 | Build | Farm |
| 16:13 | Build | Farm |
| 16:18 | Create | Villager (Male) |
| 16:39 | Build | Farm |
| 16:40 | Build | Farm |
| 16:41 | Build | Farm |
| 17:06 | Build | Lumber Camp |
| 17:32 | Research | Wheelbarrow |
| 17:34 | Build | Palisade Wall |
| 17:38 | Build | Farm |
| 17:45 | Build | Mining Camp |
| 18:07 | Create | Villager (Male) |
| 18:08 | Build | Blacksmith |
| 18:33 | Build | Palisade Wall |
| 18:37 | Build | Lumber Camp |
| 19:06 | Create | Villager (Male) |
| 19:14 | Create | Villager (Male) |
| 19:16 | Build | Mill |
| 19:17 | Build | Farm |
| 19:17 | Build | Farm |
| 19:18 | Build | Farm |
| 19:38 | Build | Outpost |
| 19:39 | Build | Outpost |
| 19:43 | Build | Farm |
| 19:43 | Build | Farm |
| 19:44 | Build | Farm |
| 19:45 | Build | Farm |
| 19:47 | Create | Villager (Male) |
| 19:54 | Build | Farm |
| 20:12 | Build | Farm |
| 20:14 | Build | Farm |
| 20:16 | Create | Villager (Male) |
| 20:25 | Build | Palisade Wall |
| 20:43 | Build | Market |
| 21:00 | Create | Villager (Male) |
| 21:33 | Research | Castle Age |
| 21:34 | Create | Villager (Male) |
| 21:55 | Research | Fletching |
| 22:08 | Create | Galley |
| 22:08 | Create | Galley |
| 22:09 | Create | Galley |
| 22:10 | Create | Galley |
| 22:17 | Build | Outpost |
| 22:18 | Build | Outpost |
| 22:22 | Build | Outpost |
| 22:30 | Build | Palisade Gate |
| 22:32 | Build | Palisade Wall |
| 22:32 | Build | Palisade Wall |
| 22:59 | Create | Galley |
| 22:59 | Create | Galley |
| 23:10 | Research | Gold Mining |
| 23:18 | Create | Villager (Male) |
| 23:21 | Build | Mining Camp |
| 23:45 | Build | House |
| 23:46 | Build | House |
| 24:13 | Age | Castle Age |
| 24:15 | Research | War Galley (upgrade) |
| 24:17 | Research | Bodkin Arrow |
| 24:19 | Build | Town Center |
| 24:20 | Research | Bow Saw |
| 24:32 | Build | Town Center |
| 24:39 | Create | Villager (Male) |
| 24:47 | Create | Villager (Male) |
| 25:10 | Build | Lumber Camp |
Build order — Kevin10_7414
First 150 of 474 actions detected
| 0:07 | Build | Dock |
| 0:13 | Build | Town Center |
| 0:26 | Build | House |
| 0:54 | Build | House |
| 2:32 | Create | Villager (Male) |
| 2:32 | Create | Villager (Male) |
| 2:32 | Create | Villager (Male) |
| 2:35 | Create | Villager (Male) |
| 2:35 | Create | Villager (Male) |
| 3:21 | Create | Villager (Male) |
| 3:22 | Create | Villager (Male) |
| 3:43 | Create | Fishing Ship |
| 3:43 | Create | Fishing Ship |
| 4:14 | Create | Villager (Male) |
| 4:14 | Create | Villager (Male) |
| 4:28 | Create | Fishing Ship |
| 4:28 | Create | Fishing Ship |
| 4:43 | Build | House |
| 4:58 | Create | Villager (Male) |
| 4:58 | Create | Villager (Male) |
| 4:58 | Create | Villager (Male) |
| 5:08 | Build | House |
| 5:18 | Create | Fishing Ship |
| 5:18 | Create | Fishing Ship |
| 5:18 | Create | Fishing Ship |
| 5:38 | Create | Villager (Male) |
| 5:38 | Create | Villager (Male) |
| 5:38 | Create | Villager (Male) |
| 5:44 | Create | Villager (Male) |
| 6:00 | Create | Fishing Ship |
| 6:10 | Create | Villager (Male) |
| 6:11 | Create | Villager (Male) |
| 6:29 | Create | Villager (Male) |
| 6:29 | Create | Villager (Male) |
| 6:34 | Create | Fishing Ship |
| 6:53 | Create | Villager (Male) |
| 6:54 | Create | Villager (Male) |
| 7:05 | Build | House |
| 7:06 | Build | Palisade Wall |
| 7:12 | Create | Fishing Ship |
| 7:40 | Create | Villager (Male) |
| 7:52 | Create | Villager (Male) |
| 7:59 | Build | House |
| 8:16 | Build | Dock |
| 8:29 | Create | Fishing Ship |
| 8:31 | Create | Villager (Male) |
| 8:42 | Research | Loom |
| 8:57 | Create | Fishing Ship |
| 9:03 | Build | Palisade Wall |
| 9:22 | Create | Villager (Male) |
| 9:24 | Build | Lumber Camp |
| 9:31 | Build | Palisade Wall |
| 9:37 | Build | Palisade Wall |
| 9:46 | Build | Palisade Wall |
| 9:51 | Build | Palisade Wall |
| 10:01 | Create | Fishing Ship |
| 10:10 | Research | Feudal Age |
| 10:12 | Create | Fishing Ship |
| 10:25 | Build | House |
| 10:25 | Build | Palisade Wall |
| 10:59 | Create | Villager (Male) |
| 11:08 | Build | Mill |
| 11:36 | Create | Villager (Male) |
| 11:48 | Build | House |
| 11:53 | Create | Villager (Male) |
| 11:54 | Create | Villager (Male) |
| 12:20 | Age | Feudal Age |
| 12:21 | Create | Unit 2626 |
| 12:21 | Create | Unit 2626 |
| 12:21 | Create | Unit 2626 |
| 12:24 | Create | Villager (Male) |
| 12:27 | Research | Town Watch |
| 12:34 | Build | Blacksmith |
| 12:49 | Build | Market |
| 12:55 | Research | Town Watch |
| 13:06 | Build | Mining Camp |
| 13:22 | Create | Unit 2626 |
| 13:26 | Build | House |
| 13:38 | Create | Villager (Male) |
| 13:47 | Create | Unit 2626 |
| 14:15 | Create | Villager (Male) |
| 14:18 | Create | Unit 2626 |
| 14:18 | Create | Unit 2626 |
| 14:25 | Build | House |
| 15:00 | Research | Castle Age |
| 15:10 | Create | Villager (Male) |
| 15:19 | Create | Villager (Male) |
| 16:12 | Create | Villager (Male) |
| 16:28 | Create | Villager (Male) |
| 17:36 | Create | Villager (Male) |
| 17:36 | Create | Villager (Male) |
| 17:40 | Age | Castle Age |
| 17:43 | Research | War Galley (upgrade) |
| 17:43 | Create | Turtle Ship |
| 17:45 | Create | Villager (Male) |
| 17:47 | Build | Town Center |
| 17:57 | Build | Town Center |
| 17:59 | Create | Villager (Male) |
| 18:14 | Create | Villager (Male) |
| 18:21 | Build | Palisade Wall |
| 18:32 | Create | Villager (Male) |
| 18:43 | Create | Villager (Male) |
| 19:05 | Create | Villager (Male) |
| 19:07 | Create | Turtle Ship |
| 19:11 | Create | Villager (Male) |
| 19:43 | Create | Villager (Male) |
| 19:45 | Create | Villager (Male) |
| 19:45 | Create | Villager (Male) |
| 19:50 | Create | Villager (Male) |
| 19:50 | Create | Villager (Male) |
| 19:50 | Create | Villager (Male) |
| 19:50 | Create | Villager (Male) |
| 19:59 | Build | Farm |
| 19:59 | Build | Farm |
| 20:00 | Build | Farm |
| 20:13 | Build | Monastery |
| 20:33 | Create | Villager (Male) |
| 20:33 | Create | Villager (Male) |
| 20:36 | Build | Dock |
| 20:55 | Create | Villager (Male) |
| 20:55 | Create | Villager (Male) |
| 20:56 | Create | Villager (Male) |
| 21:04 | Build | House |
| 21:06 | Create | Monk |
| 21:09 | Build | House |
| 21:11 | Build | House |
| 21:12 | Build | House |
| 21:31 | Build | Dock |
| 22:01 | Create | Villager (Male) |
| 22:01 | Create | Villager (Male) |
| 22:02 | Create | Villager (Male) |
| 22:02 | Create | Villager (Male) |
| 22:05 | Build | Farm |
| 22:05 | Build | Farm |
| 22:06 | Build | Farm |
| 22:06 | Build | Farm |
| 22:06 | Build | Farm |
| 22:06 | Build | Farm |
| 22:06 | Build | Farm |
| 22:08 | Build | Farm |
| 22:32 | Create | Monk |
| 22:35 | Create | Villager (Male) |
| 22:36 | Create | Villager (Male) |
| 22:36 | Create | Villager (Male) |
| 22:36 | Create | Villager (Male) |
| 22:42 | Create | Fishing Ship |
| 22:48 | Build | House |
| 22:58 | Create | Villager (Male) |
| 22:59 | Create | Villager (Male) |
| 22:59 | Create | Villager (Male) |
Build order — _LY_Pala
First 150 of 374 actions detected
| 0:26 | Build | Town Center |
| 2:09 | Build | House |
| 2:28 | Create | Villager (Male) |
| 2:28 | Create | Villager (Male) |
| 2:29 | Create | Villager (Male) |
| 2:29 | Create | Villager (Male) |
| 2:29 | Create | Villager (Male) |
| 2:58 | Build | House |
| 3:24 | Build | House |
| 3:48 | Create | Villager (Male) |
| 3:48 | Create | Villager (Male) |
| 3:49 | Create | Villager (Male) |
| 3:49 | Create | Villager (Male) |
| 4:30 | Create | Villager (Male) |
| 4:31 | Create | Villager (Male) |
| 4:31 | Create | Villager (Male) |
| 4:56 | Build | Dock |
| 5:11 | Research | Loom |
| 5:12 | Create | Villager (Male) |
| 5:12 | Create | Villager (Male) |
| 5:12 | Create | Villager (Male) |
| 5:34 | Create | Fishing Ship |
| 5:36 | Build | House |
| 5:39 | Create | Villager (Male) |
| 6:05 | Build | House |
| 6:08 | Create | Fishing Ship |
| 6:08 | Create | Fishing Ship |
| 6:33 | Create | Fishing Ship |
| 6:33 | Create | Fishing Ship |
| 6:39 | Build | Palisade Wall |
| 7:08 | Create | Fishing Ship |
| 7:11 | Create | Villager (Male) |
| 7:25 | Build | Palisade Wall |
| 7:36 | Create | Villager (Male) |
| 7:58 | Create | Villager (Male) |
| 8:16 | Create | Villager (Male) |
| 8:26 | Build | Lumber Camp |
| 8:49 | Create | Villager (Male) |
| 8:53 | Build | House |
| 8:55 | Build | Palisade Wall |
| 9:02 | Create | Fishing Ship |
| 9:08 | Create | Villager (Male) |
| 9:28 | Create | Fishing Ship |
| 9:28 | Create | Fishing Ship |
| 9:35 | Create | Villager (Male) |
| 10:01 | Create | Villager (Male) |
| 10:16 | Build | Mining Camp |
| 10:28 | Create | Fishing Ship |
| 10:36 | Research | Feudal Age |
| 10:40 | Build | Dock |
| 10:52 | Build | Mining Camp |
| 11:22 | Build | Mill |
| 11:27 | Build | Palisade Wall |
| 11:40 | Build | Palisade Wall |
| 12:03 | Create | Villager (Male) |
| 12:46 | Age | Feudal Age |
| 12:51 | Build | Market |
| 12:53 | Create | Villager (Male) |
| 12:57 | Build | Blacksmith |
| 13:02 | Create | Fishing Ship |
| 13:17 | Build | Outpost |
| 13:25 | Create | Villager (Male) |
| 13:42 | Build | House |
| 13:47 | Create | Fishing Ship |
| 14:28 | Research | Castle Age |
| 15:05 | Research | Double-Bit Axe |
| 15:05 | Research | Double-Bit Axe |
| 15:55 | Research | Stone Mining |
| 15:58 | Research | Horse Collar |
| 16:23 | Build | Farm |
| 17:08 | Age | Castle Age |
| 17:14 | Build | Castle |
| 17:15 | Create | Villager (Male) |
| 17:17 | Research | Bow Saw |
| 17:17 | Research | Bow Saw |
| 17:18 | Create | Villager (Male) |
| 17:31 | Create | Villager (Male) |
| 17:43 | Create | Villager (Male) |
| 18:06 | Create | Villager (Male) |
| 18:07 | Research | Fletching |
| 18:24 | Build | Town Center |
| 18:27 | Create | Mangudai |
| 18:27 | Create | Mangudai |
| 18:30 | Create | Villager (Male) |
| 18:49 | Build | Farm |
| 18:50 | Create | Villager (Male) |
| 18:54 | Build | House |
| 19:22 | Build | Farm |
| 19:23 | Create | Villager (Male) |
| 19:24 | Create | Mangudai |
| 19:38 | Build | House |
| 20:02 | Create | Villager (Male) |
| 20:09 | Create | Fire Galley |
| 20:19 | Create | Villager (Male) |
| 20:20 | Create | Villager (Male) |
| 20:21 | Create | Villager (Male) |
| 20:21 | Create | Villager (Male) |
| 20:23 | Build | Farm |
| 20:27 | Build | Mining Camp |
| 20:38 | Create | Mangudai |
| 20:38 | Create | Mangudai |
| 20:44 | Create | Villager (Male) |
| 20:45 | Create | Villager (Male) |
| 20:50 | Create | Villager (Male) |
| 20:52 | Build | Farm |
| 21:14 | Create | Villager (Male) |
| 21:15 | Create | Villager (Male) |
| 21:40 | Build | Farm |
| 21:45 | Create | Villager (Male) |
| 21:49 | Create | Villager (Male) |
| 21:51 | Build | Monastery |
| 21:58 | Research | War Galley (upgrade) |
| 22:00 | Create | Fire Galley |
| 22:00 | Create | Fire Galley |
| 22:08 | Create | Villager (Male) |
| 22:13 | Build | Farm |
| 22:20 | Build | Mining Camp |
| 22:26 | Build | Mining Camp |
| 22:31 | Create | Villager (Male) |
| 22:43 | Create | Villager (Male) |
| 22:43 | Create | Villager (Male) |
| 22:45 | Create | Villager (Male) |
| 23:06 | Create | Villager (Male) |
| 23:06 | Create | Villager (Male) |
| 23:08 | Build | House |
| 23:11 | Create | Villager (Male) |
| 23:23 | Create | Monk |
| 23:31 | Create | Villager (Male) |
| 23:32 | Create | Villager (Male) |
| 23:33 | Create | Villager (Male) |
| 23:38 | Build | Farm |
| 23:54 | Create | Fire Galley |
| 23:55 | Create | Fire Galley |
| 23:59 | Create | Villager (Male) |
| 23:59 | Create | Villager (Male) |
| 24:00 | Create | Villager (Male) |
| 24:00 | Create | Villager (Male) |
| 24:12 | Build | House |
| 24:14 | Create | Villager (Male) |
| 24:15 | Create | Villager (Male) |
| 24:15 | Create | Villager (Male) |
| 24:19 | Create | Villager (Male) |
| 24:20 | Create | Villager (Male) |
| 24:29 | Build | Castle |
| 24:32 | Create | Mangudai |
| 24:32 | Create | Mangudai |
| 24:49 | Create | Villager (Male) |
| 24:49 | Create | Villager (Male) |
| 24:49 | Create | Villager (Male) |
| 24:54 | Create | Mangudai |
Build order — FUFU
First 150 of 388 actions detected
| 0:11 | Build | Town Center |
| 0:19 | Build | Dock |
| 0:20 | Build | House |
| 2:29 | Create | Villager (Male) |
| 2:29 | Create | Villager (Male) |
| 2:30 | Create | Villager (Male) |
| 2:30 | Create | Villager (Male) |
| 3:02 | Build | House |
| 3:32 | Create | Villager (Male) |
| 3:47 | Create | Fishing Ship |
| 4:14 | Create | Villager (Male) |
| 4:22 | Create | Fishing Ship |
| 4:22 | Create | Fishing Ship |
| 4:46 | Create | Villager (Male) |
| 4:47 | Create | Villager (Male) |
| 4:54 | Build | House |
| 5:04 | Create | Villager (Male) |
| 5:28 | Build | House |
| 5:32 | Create | Fishing Ship |
| 5:32 | Create | Fishing Ship |
| 5:38 | Create | Villager (Male) |
| 6:04 | Create | Villager (Male) |
| 6:07 | Create | Fishing Ship |
| 6:26 | Create | Villager (Male) |
| 6:46 | Build | Lumber Camp |
| 6:58 | Create | Villager (Male) |
| 7:22 | Create | Villager (Male) |
| 7:47 | Create | Villager (Male) |
| 8:16 | Create | Villager (Male) |
| 8:41 | Research | Loom |
| 9:02 | Research | Feudal Age |
| 9:15 | Build | Dock |
| 9:37 | Create | Villager (Male) |
| 9:45 | Build | House |
| 9:46 | Build | House |
| 9:58 | Build | Dock |
| 10:04 | Create | Fishing Ship |
| 10:04 | Create | Fishing Ship |
| 10:20 | Create | Villager (Male) |
| 10:28 | Build | House |
| 11:13 | Create | Villager (Male) |
| 11:13 | Create | Villager (Male) |
| 11:14 | Create | Villager (Male) |
| 11:14 | Create | Villager (Male) |
| 11:15 | Create | Villager (Male) |
| 11:15 | Create | Villager (Male) |
| 11:15 | Create | Villager (Male) |
| 11:15 | Create | Villager (Male) |
| 11:19 | Age | Feudal Age |
| 11:25 | Build | House |
| 11:25 | Build | House |
| 11:27 | Create | Fishing Ship |
| 11:35 | Build | Mining Camp |
| 11:42 | Build | Building 804 |
| 11:44 | Build | Palisade Wall |
| 11:50 | Build | Building 796 |
| 11:53 | Build | Palisade Wall |
| 11:57 | Build | Palisade Wall |
| 12:02 | Create | Fishing Ship |
| 12:03 | Create | Fishing Ship |
| 12:05 | Research | Double-Bit Axe |
| 12:14 | Build | Fish Trap |
| 12:18 | Build | House |
| 12:31 | Research | Tech 906 |
| 12:39 | Build | Fish Trap |
| 12:52 | Create | Unit 2626 |
| 12:52 | Create | Unit 2626 |
| 13:02 | Create | Unit 2626 |
| 13:02 | Create | Unit 2626 |
| 13:03 | Create | Villager (Male) |
| 13:08 | Build | House |
| 13:30 | Build | Dock |
| 13:59 | Build | Fish Trap |
| 14:03 | Create | Unit 2626 |
| 14:04 | Create | Unit 2626 |
| 14:07 | Create | Villager (Male) |
| 14:12 | Build | House |
| 14:15 | Build | House |
| 14:16 | Build | House |
| 14:17 | Create | Villager (Male) |
| 14:29 | Build | House |
| 14:30 | Create | Fishing Ship |
| 14:31 | Create | Villager (Male) |
| 14:36 | Create | Fishing Ship |
| 14:45 | Create | Unit 2626 |
| 14:45 | Create | Unit 2626 |
| 14:46 | Create | Unit 2626 |
| 14:46 | Create | Villager (Male) |
| 15:06 | Create | Villager (Male) |
| 15:08 | Build | House |
| 15:23 | Create | Unit 2626 |
| 15:23 | Create | Unit 2626 |
| 15:23 | Create | Unit 2626 |
| 15:24 | Create | Villager (Male) |
| 15:40 | Create | Villager (Male) |
| 15:41 | Create | Fishing Ship |
| 15:42 | Create | Fishing Ship |
| 15:42 | Create | Fishing Ship |
| 16:00 | Build | Mill |
| 16:25 | Create | Unit 2626 ×3 |
| 16:30 | Create | Villager (Male) |
| 16:33 | Build | House |
| 16:39 | Build | Lumber Camp |
| 17:07 | Create | Fire Galley ×2 |
| 17:07 | Create | Villager (Male) |
| 17:12 | Build | Fish Trap |
| 17:19 | Build | Fish Trap |
| 17:20 | Create | Villager (Male) |
| 17:35 | Create | Villager (Male) |
| 17:37 | Build | House |
| 17:42 | Build | Blacksmith |
| 17:53 | Create | Unit 2626 |
| 17:54 | Create | Villager (Male) |
| 18:09 | Create | Unit 2626 |
| 18:10 | Create | Unit 2626 |
| 18:10 | Create | Unit 2626 |
| 18:11 | Create | Villager (Male) |
| 18:30 | Create | Unit 2626 |
| 18:31 | Create | Villager (Male) |
| 18:34 | Build | House |
| 18:44 | Build | Fish Trap |
| 18:48 | Build | Fish Trap |
| 18:53 | Create | Villager (Male) |
| 18:53 | Create | Villager (Male) |
| 19:02 | Create | Villager (Male) |
| 19:07 | Research | Horse Collar |
| 19:08 | Create | Fishing Ship |
| 19:08 | Create | Fishing Ship |
| 19:09 | Create | Fishing Ship |
| 19:09 | Create | Fishing Ship |
| 19:12 | Create | Villager (Male) |
| 19:28 | Build | Stone Wall |
| 19:35 | Build | Palisade Wall |
| 19:37 | Build | Palisade Wall |
| 19:44 | Build | Palisade Wall |
| 19:47 | Build | Stone Wall |
| 19:52 | Build | Stone Wall |
| 20:00 | Build | Building 490 |
| 20:03 | Build | Stone Wall |
| 20:05 | Build | Stone Wall |
| 20:09 | Build | Stone Wall |
| 20:10 | Build | Stone Wall |
| 20:17 | Create | Villager (Male) |
| 20:19 | Create | Fishing Ship |
| 20:19 | Create | Fishing Ship |
| 20:19 | Create | Fishing Ship |
| 20:30 | Build | Fish Trap |
| 20:33 | Build | Fish Trap |
| 20:41 | Build | Fish Trap |
| 21:01 | Build | Building 487 |
Match timeline
| 0:07 | Kevin10_7414 · first_building Dock |
| 0:19 | FUFU · first_building Dock |
| 0:39 | Lyael · first_building Dock |
| 0:53 | 皮眼派對 · first_building Dock |
| 0:53 | Eddie29_1314 · first_building Dock |
| 1:08 | JB · first_building Dock |
| 3:29 | Eddie29_1314 · wall_segment Palisade Wall x3 |
| 4:50 | Eddie29_1314 · wall_segment Palisade Wall x1 |
| 4:56 | _LY_Pala · first_building Dock |
| 4:56 | Eddie29_1314 · wall_segment Palisade Wall x1 |
| 4:58 | Eddie29_1314 · wall_segment Palisade Wall x1 |
| 5:29 | friend00792 · first_building Dock |
| 6:23 | Eddie29_1314 · wall_segment Palisade Wall x6 |
| 6:39 | _LY_Pala · wall_segment Palisade Wall x4 |
| 7:06 | Kevin10_7414 · wall_segment Palisade Wall x7 |
| 7:15 | friend00792 · wall_segment Palisade Wall x1 |
| 7:17 | friend00792 · wall_segment Palisade Wall x1 |
| 7:25 | _LY_Pala · wall_segment Palisade Wall x8 |
| 8:03 | Eddie29_1314 · wall_segment Palisade Wall x17 |
| 8:55 | _LY_Pala · wall_segment Palisade Wall x3 |
| 9:03 | Kevin10_7414 · wall_segment Palisade Wall x4 |
| 9:27 | Eddie29_1314 · wall_segment Palisade Wall x2 |
| 9:31 | Kevin10_7414 · wall_segment Palisade Wall x1 |
| 9:37 | Kevin10_7414 · wall_segment Palisade Wall x3 |
| 9:46 | Kevin10_7414 · wall_segment Palisade Wall x3 |
| 9:51 | Kevin10_7414 · wall_segment Palisade Wall x1 |
| 10:03 | Lyael · age_up feudal |
| 10:25 | Kevin10_7414 · wall_segment Palisade Wall x1 |
| 10:52 | 皮眼派對 · first_building Barracks |
| 10:57 | Eddie29_1314 · age_up feudal |
| 11:19 | FUFU · age_up feudal |
| 11:24 | 皮眼派對 · age_up feudal |
| 11:27 | _LY_Pala · wall_segment Palisade Wall x8 |
| 11:40 | _LY_Pala · wall_segment Palisade Wall x6 |
| 11:44 | FUFU · wall_segment Palisade Wall x2 |
| 11:48 | JB · age_up feudal |
| 11:49 | 皮眼派對 · first_building Stable |
| 11:53 | FUFU · wall_segment Palisade Wall x4 |
| 11:55 | JB · first_building Barracks |
| 11:57 | FUFU · wall_segment Palisade Wall x1 |
| 12:10 | Lyael · wall_segment Palisade Wall x1 |
| 12:16 | Lyael · wall_segment Palisade Wall x1 |
| 12:18 | Lyael · wall_segment Palisade Wall x14 |
| 12:20 | Kevin10_7414 · age_up feudal |
| 12:20 | Lyael · wall_segment Palisade Wall x3 |
| 12:21 | Lyael · wall_segment Palisade Wall x1 |
| 12:33 | friend00792 · age_up feudal |
| 12:46 | _LY_Pala · age_up feudal |
| 13:12 | JB · first_building Stable |
| 13:26 | Eddie29_1314 · wall_segment Palisade Wall x9 |
| 14:18 | Eddie29_1314 · first_market_buy 100 food |
| 14:23 | friend00792 · first_market_sell 100 wood |
| 14:51 | Kevin10_7414 · first_market_buy 100 food |
| 14:54 | Eddie29_1314 · first_building Barracks |
| 14:56 | Eddie29_1314 · wall_segment Palisade Wall x4 |
| 14:57 | Eddie29_1314 · wall_segment Palisade Wall x3 |
| 15:20 | friend00792 · first_building Barracks |
| 15:23 | Eddie29_1314 · wall_segment Palisade Wall x1 |
| 16:05 | friend00792 · wall_segment Palisade Wall x1 |
| 16:06 | friend00792 · wall_segment Palisade Wall x1 |
| 16:06 | Eddie29_1314 · first_building Stable |
| 16:07 | friend00792 · wall_segment Palisade Wall x1 |
| 16:07 | friend00792 · wall_segment Palisade Wall x1 |
| 16:13 | friend00792 · wall_segment Palisade Wall x1 |
| 16:15 | friend00792 · wall_segment Palisade Wall x1 |
| 16:15 | friend00792 · wall_segment Palisade Wall x1 |
| 16:16 | friend00792 · wall_segment Palisade Wall x1 |
| 16:34 | JB · age_up castle |
| 16:53 | _LY_Pala · first_market_buy 100 stone |
| 16:55 | Eddie29_1314 · age_up castle |
| 17:07 | friend00792 · age_up castle |
| 17:08 | _LY_Pala · age_up castle |
| 17:14 | _LY_Pala · first_building Castle |
| 17:34 | Lyael · wall_segment Palisade Wall x1 |
| 17:40 | Kevin10_7414 · age_up castle |
| 18:14 | friend00792 · first_building Castle |
| 18:19 | Eddie29_1314 · first_market_sell 100 wood |
| 18:21 | Kevin10_7414 · wall_segment Palisade Wall x1 |
| 18:33 | Lyael · wall_segment Palisade Wall x6 |
| 19:28 | FUFU · wall_segment Stone Wall x1 |
| 19:35 | FUFU · wall_segment Palisade Wall x1 |
| 19:37 | FUFU · wall_segment Palisade Wall x1 |
| 19:44 | FUFU · wall_segment Palisade Wall x3 |
| 19:47 | FUFU · wall_segment Stone Wall x1 |
| 19:52 | FUFU · wall_segment Stone Wall x1 |
| 20:03 | FUFU · wall_segment Stone Wall x1 |
| 20:05 | FUFU · wall_segment Stone Wall x1 |
| 20:09 | FUFU · wall_segment Stone Wall x1 |
| 20:10 | FUFU · wall_segment Stone Wall x1 |
| 20:13 | Kevin10_7414 · first_building Monastery |
| 20:25 | Lyael · wall_segment Palisade Wall x13 |
| 21:19 | FUFU · first_building Barracks |
| 21:44 | friend00792 · first_market_buy 100 food |
| 21:51 | _LY_Pala · first_building Monastery |
| 22:32 | Lyael · wall_segment Palisade Wall x1 |
| 22:32 | Lyael · wall_segment Palisade Wall x1 |
| 23:19 | 皮眼派對 · wall_segment Palisade Wall x1 |
| 23:22 | _LY_Pala · first_market_sell 100 wood |
| 24:13 | Lyael · age_up castle |
| 24:26 | 皮眼派對 · wall_segment Palisade Wall x1 |
| 25:29 | JB · first_building Monastery |
| 25:43 | FUFU · age_up castle |
| 25:43 | FUFU · first_market_sell 500 food |
| 26:02 | FUFU · first_market_buy 100 stone |
| 26:54 | Lyael · first_building Monastery |
| 27:16 | _LY_Pala · first_building Siege Workshop |
| 28:29 | friend00792 · first_building Siege Workshop |
| 28:33 | Kevin10_7414 · first_market_sell 100 wood |
| 28:37 | Kevin10_7414 · first_building Castle |
| 28:55 | Kevin10_7414 · wall_segment Stone Wall x2 |
| 29:02 | FUFU · first_building Monastery |
| 29:17 | Kevin10_7414 · wall_segment Stone Wall x1 |
| 29:55 | JB · first_building Castle |
| 30:36 | friend00792 · first_building Monastery |
| 30:48 | 皮眼派對 · age_up castle |
| 32:19 | Kevin10_7414 · first_building Barracks |
| 32:25 | _LY_Pala · first_building Barracks |
| 32:31 | Lyael · first_building Castle |
| 33:02 | JB · first_market_sell 100 wood |
| 33:03 | _LY_Pala · first_building Stable |
| 33:24 | Lyael · wall_segment Palisade Wall x1 |
| 33:24 | FUFU · first_building Archery Range |
| 33:25 | Lyael · wall_segment Palisade Wall x1 |
| 33:28 | Lyael · wall_segment Palisade Wall x1 |
| 33:38 | 皮眼派對 · first_building Castle |
| 33:52 | FUFU · age_up imperial |
| 34:24 | _LY_Pala · first_building Archery Range |
| 34:54 | _LY_Pala · age_up imperial |
| 35:20 | Kevin10_7414 · age_up imperial |
| 35:26 | friend00792 · wall_segment Palisade Wall x1 |
| 35:27 | Lyael · age_up imperial |
| 35:29 | friend00792 · wall_segment Palisade Wall x1 |
| 35:30 | friend00792 · wall_segment Palisade Wall x1 |
| 35:32 | friend00792 · wall_segment Palisade Wall x1 |
| 35:35 | Lyael · first_market_sell 100 food |
| 36:08 | FUFU · first_building Castle |
| 36:27 | JB · age_up imperial |
| 36:48 | friend00792 · first_building Stable |
| 38:38 | 皮眼派對 · first_market_buy 100 wood |
| 38:57 | 皮眼派對 · first_building Monastery |
| 39:47 | Lyael · first_building Barracks |
| 40:15 | Kevin10_7414 · first_building Siege Workshop |
| 40:26 | FUFU · first_building Stable |
| 41:21 | FUFU · resign |
[ AI ANALYSIS · 1 CREDIT ]
What really happened in this match?
Wolo.gg analyzes every decision: build order, eco, micro, common mistakes by bracket. Personalized analysis on WhatsApp or Discord in 30 seconds.
Civ guide
Burgundians
Perfil
Jugador #2999254